| TOP OF THE 1ST |
|
Detroit Tigers batting - Pitching for New York Yankees : RHP Javier Villanueva
|
|
Pitching: RHP Javier Villanueva
|
|
|
Batting: SHB Lee Mazzilli
|
0-0: Ground out 3-1 (Groundball, 13, EV 86.3 MPH)
|
|
Batting: RHB Nick Capra
|
0-0: Called Strike 0-1: Called Strike 0-2: Fly out, F9 (Flyball, 9, EV 80.0 MPH)
|
|
Batting: SHB Tony Phillips
|
0-0: Called Strike 0-1: DOUBLE (Line Drive, 9LM, EV 101.9 MPH)
|
|
Batting: LHB Greg Brock
|
0-0: Ball 1-0: Ball 2-0: Ground out 4-3 (Groundball, 4MS, EV 83.1 MPH)
|
| Top of the 1st over - 0 runs, 1 hit, 0 errors, 1 left on base; Detroit 0 - New York 0 |
| BOTTOM OF THE 1ST |
|
New York Yankees batting - Pitching for Detroit Tigers : RHP Matt Wiseman
|
|
Pitching: RHP Matt Wiseman
|
|
|
Batting: SHB Tim Raines
|
0-0: Ball 1-0: SINGLE (Flyball, 5D, EV 98.1 MPH)
|
|
Batting: SHB Willie Wilson
|
0-0: Called Strike Tim Raines steals 2nd base 0-1: Ball 1-1: Fly out, F3 (Flyball, 3D, EV 85.6 MPH)
|
|
Batting: RHB Pedro Guerrero
|
0-0: Ball 1-0: Called Strike Tim Raines steals 3rd base 1-1: Ball 2-1: Foul Ball, location: 2F 2-2: Ball 3-2: Strikes out looking
|
|
Batting: RHB David Hall
|
0-0: Swinging Strike 0-1: Called Strike 0-2: Ball 1-2: Strikes out looking
|
| Bottom of the 1st over - 0 runs, 1 hit, 0 errors, 1 left on base; Detroit 0 - New York 0 |
| TOP OF THE 2ND |
|
Detroit Tigers batting - Pitching for New York Yankees : RHP Javier Villanueva
|
|
Batting: LHB Randy S Johnson
|
0-0: Ball 1-0: Ball 2-0: Foul Ball, location: 2F 2-1: Swinging Strike 2-2: Strikes out swinging
|
|
Batting: RHB Larry Patterson
|
0-0: Ground out U3 (Groundball, 34, EV 81.9 MPH)
|
|
Batting: RHB Mike Sproles
|
0-0: Ball 1-0: Ground out 6-3 (Groundball, 6, EV 108.8 MPH)
|
| Top of the 2nd over - 0 runs, 0 hits, 0 errors, 0 left on base; Detroit 0 - New York 0 |
| BOTTOM OF THE 2ND |
|
New York Yankees batting - Pitching for Detroit Tigers : RHP Matt Wiseman
|
|
Batting: LHB Barry Butera
|
0-0: Ball 1-0: Ball 2-0: Reached on error, E5 (Groundball, 56, EV 111.3 MPH)
|
|
Batting: RHB Emanuel Cortez
|
0-0: Ball 1-0: Ball 2-0: Fly out, F1 (Line Drive, P, EV 64.4 MPH)
|
|
Batting: LHB Gene Gentile
|
0-0: Ball 1-0: Ball 2-0: Ground out 4-3 (Groundball, 34D, EV 98.1 MPH) Barry Butera to third
|
|
Batting: RHB Ezequiel Menjibar
|
0-0: Called Strike 0-1: Ball 1-1: Fly out, F7 (Flyball, 7D, EV 106.3 MPH)
|
| Bottom of the 2nd over - 0 runs, 0 hits, 1 error, 1 left on base; Detroit 0 - New York 0 |
| TOP OF THE 3RD |
|
Detroit Tigers batting - Pitching for New York Yankees : RHP Javier Villanueva
|
|
Batting: RHB William Young
|
0-0: Ball 1-0: Called Strike 1-1: Ball 2-1: Ground out 4-3 (Groundball, 34D, EV 104.4 MPH)
|
|
Batting: SHB Raul Gonzalez
|
0-0: Ground out 4-3 (Groundball, 4M, EV 76.3 MPH)
|
|
Batting: SHB Lee Mazzilli
|
0-0: Ball 1-0: Ground out 4-3 (Groundball, 4, EV 101.9 MPH)
|
| Top of the 3rd over - 0 runs, 0 hits, 0 errors, 0 left on base; Detroit 0 - New York 0 |
| BOTTOM OF THE 3RD |
|
New York Yankees batting - Pitching for Detroit Tigers : RHP Matt Wiseman
|
|
Batting: LHB Ron Hassey
|
0-0: Called Strike 0-1: Ball 1-1: Fly out, F8 (Flyball, 8LM, EV 86.9 MPH)
|
|
Batting: SHB Tim Raines
|
0-0: Ball 1-0: Swinging Strike 1-1: Foul Ball, location: 2F 1-2: Fly out, F9 (Flyball, 89M, EV 88.1 MPH)
|
|
Batting: SHB Willie Wilson
|
0-0: Ball 1-0: Ball 2-0: Swinging Strike 2-1: Swinging Strike 2-2: Strikes out swinging
|
| Bottom of the 3rd over - 0 runs, 0 hits, 0 errors, 0 left on base; Detroit 0 - New York 0 |
| TOP OF THE 4TH |
|
Detroit Tigers batting - Pitching for New York Yankees : RHP Javier Villanueva
|
|
Batting: RHB Nick Capra
|
0-0: Ball 1-0: Ball 2-0: Called Strike 2-1: SOLO HOME RUN (Flyball, 7D, EV 89.4 MPH), Distance : 374 ft
|
|
Batting: SHB Tony Phillips
|
0-0: Ball 1-0: Ball 2-0: SINGLE (Groundball, 56D, EV 96.3 MPH)
|
|
Batting: LHB Greg Brock
|
0-0: Ball 1-0: Called Strike 1-1: Foul Ball, location: 2F 1-2: Ball 2-2: Foul Ball, location: 2F 2-2: Foul Ball, location: 2F 2-2: Strikes out looking
|
|
Batting: LHB Randy S Johnson
|
0-0: Foul Ball, location: 2F 0-1: Ball 1-1: Ball 2-1: Ball 3-1: Base on Balls Tony Phillips to second
|
|
Batting: RHB Larry Patterson
|
0-0: Called Strike 0-1: Ball 1-1: Foul Ball, location: 2F 1-2: Ball 2-2: Foul Ball, location: 2F 2-2: Ball 3-2: Base on Balls Tony Phillips to third Randy S Johnson to second
|
|
Batting: RHB Mike Sproles
|
0-0: Ball 1-0: Ball 2-0: Ball 3-0: Called Strike 3-1: Called Strike 3-2: SINGLE (Groundball, 4MD, EV 95.6 MPH) Tony Phillips scores Randy S Johnson to third Larry Patterson to second Runner from 3rd tries for Home, SAFE, throw by CF to home
|
|
Batting: RHB William Young
|
0-0: Ball 1-0: SINGLE (Line Drive, 78M, EV 107.5 MPH) Larry Patterson to third Mike Sproles to second Runner from 3rd tries for Home, SAFE, throw by LF to home
|
|
Batting: SHB Raul Gonzalez
|
0-0: Ball 1-0: Foul Ball, location: 2F 1-1: Ball 2-1: Ball 3-1: SINGLE (Groundball, 25, EV 69.4 MPH) (infield hit) Mike Sproles to third William Young to second
|
|
Batting: SHB Lee Mazzilli
|
0-0: Swinging Strike 0-1: Reached on error, E5 (Groundball, 56S, EV 91.9 MPH) Mike Sproles scores William Young to third Raul Gonzalez to second
|
|
Batting: RHB Nick Capra
|
0-0: Ball 1-0: Called Strike 1-1: Ball 2-1: Fly out, F3 (Popup, 3S, EV 82.5 MPH)
|
|
Batting: SHB Tony Phillips
|
0-0: Called Strike 0-1: Foul Ball, location: 2F 0-2: Fly out, F6 (Popup, 56, EV 61.9 MPH)
|
| Top of the 4th over - 5 runs, 5 hits, 1 error, 3 left on base; Detroit 5 - New York 0 |
| BOTTOM OF THE 4TH |
|
New York Yankees batting - Pitching for Detroit Tigers : RHP Matt Wiseman
|
|
Batting: RHB Pedro Guerrero
|
0-0: Ground out 6-3 (Groundball, 56, EV 78.1 MPH)
|
|
Batting: RHB David Hall
|
0-0: Ball 1-0: Fly out, F7 (Flyball, 7D, EV 91.9 MPH)
|
|
Batting: LHB Barry Butera
|
0-0: Ball 1-0: Fly out, F6 (Popup, 6M, EV 70.0 MPH)
|
| Bottom of the 4th over - 0 runs, 0 hits, 0 errors, 0 left on base; Detroit 5 - New York 0 |
| TOP OF THE 5TH |
|
Detroit Tigers batting - Pitching for New York Yankees : RHP Javier Villanueva
|
|
Pitching: RHP Jeff Cornell
|
|
|
Batting: LHB Greg Brock
|
0-0: Called Strike 0-1: Ball 1-1: Swinging Strike 1-2: Ball 2-2: Strikes out looking
|
|
Batting: LHB Randy S Johnson
|
0-0: SOLO HOME RUN (Flyball, 89XD, EV 108.8 MPH), Distance : 434 ft
|
|
Batting: RHB Larry Patterson
|
0-0: Swinging Strike 0-1: DOUBLE (Line Drive, 89D, EV 106.9 MPH)
|
|
Batting: RHB Mike Sproles
|
0-0: SINGLE (Groundball, 34D, EV 98.1 MPH) Larry Patterson to third Runner from 3rd tries for Home, SAFE, throw by RF to home
|
|
Batting: RHB William Young
|
0-0: Ball 1-0: Ball 2-0: Fly out, F7 (Line Drive, 7, EV 98.1 MPH)
|
|
Batting: SHB Raul Gonzalez
|
0-0: Swinging Strike 0-1: Ball Mike Sproles steals 2nd base 1-1: Ball 2-1: Fly out, F9 (Flyball, 9S, EV 95.0 MPH)
|
| Top of the 5th over - 2 runs, 3 hits, 0 errors, 1 left on base; Detroit 7 - New York 0 |
| BOTTOM OF THE 5TH |
|
New York Yankees batting - Pitching for Detroit Tigers : RHP Matt Wiseman
|
|
Pitching: LHP Mark Fisher
|
|
|
Batting: RHB Emanuel Cortez
|
0-0: Called Strike 0-1: Called Strike 0-2: Ball 1-2: Ball 2-2: Foul Ball, location: 2F 2-2: Ball 3-2: Ground out U3 (Groundball, 34, EV 88.1 MPH)
|
|
Batting: LHB Gene Gentile
|
0-0: Swinging Strike 0-1: Ball 1-1: Ball 2-1: Ball 3-1: Swinging Strike 3-2: Strikes out swinging
|
|
Batting: RHB Ezequiel Menjibar
|
0-0: Foul Ball, location: 2F 0-1: Ground out 6-3 (Groundball, P, EV 91.9 MPH)
|
| Bottom of the 5th over - 0 runs, 0 hits, 0 errors, 0 left on base; Detroit 7 - New York 0 |
| TOP OF THE 6TH |
|
Detroit Tigers batting - Pitching for New York Yankees : RHP Jeff Cornell
|
|
Pinch Hitting: RHB Rusty Tillman
|
0-0: Foul Ball, location: 2F 0-1: Ball 1-1: SINGLE (Line Drive, 8RS, EV 90.6 MPH)
|
|
Batting: LHB Mike Laga
|
0-0: Swinging Strike 0-1: Swinging Strike 0-2: Strikes out swinging
|
|
Pinch Hitting: RHB Jose Hidalgo
|
0-0: Ball Pickoff Throw to First - Error! E1 Rusty Tillman to second 1-0: Ball 2-0: Called Strike 2-1: Foul Ball, location: 2F 2-2: Ball 3-2: Foul Ball, location: 2F 3-2: Strikes out swinging
|
|
Pinch Hitting: SHB William Lee
|
0-0: Ball 1-0: Called Strike 1-1: Foul Ball, location: 2F 1-2: Ball 2-2: Foul Ball, location: 2F 2-2: Strikes out swinging
|
| Top of the 6th over - 0 runs, 1 hit, 1 error, 1 left on base; Detroit 7 - New York 0 |
| BOTTOM OF THE 6TH |
|
New York Yankees batting - Pitching for Detroit Tigers : LHP Mark Fisher
|
|
Now at 1B: William Lee
|
|
|
Now at 2B: Jose Hidalgo
|
|
|
Now in LF: Rusty Tillman
|
|
|
Batting: LHB Ron Hassey
|
0-0: Ball 1-0: Ball 2-0: SINGLE (Flyball, 78S, EV 93.1 MPH)
|
|
Batting: SHB Tim Raines
|
0-0: Called Strike 0-1: Called Strike 0-2: Ball 1-2: Fielders Choice at 2nd, 4-6 (Groundball, 4, EV 100.0 MPH)
|
|
Pitching: RHP Ricardo Posada
|
|
|
Batting: SHB Willie Wilson
|
0-0: Called Strike 0-1: Ball 1-1: Called Strike 1-2: Fielders Choice at 2nd, 4-6 (Groundball, 4M, EV 85.6 MPH)
|
|
Batting: RHB Pedro Guerrero
|
0-0: Ball Willie Wilson steals 2nd base 1-0: Ball 2-0: Called Strike 2-1: Ball 3-1: Foul Ball, location: 2F 3-2: Fly out, F8 (Flyball, 8LXD, EV 91.3 MPH)
|
| Bottom of the 6th over - 0 runs, 1 hit, 0 errors, 1 left on base; Detroit 7 - New York 0 |
| TOP OF THE 7TH |
|
Detroit Tigers batting - Pitching for New York Yankees : RHP Jeff Cornell
|
|
Pinch Hitting: RHB Rusty Kuntz
|
0-0: Called Strike 0-1: Ball 1-1: Swinging Strike 1-2: Ball 2-2: DOUBLE (Flyball, 89D, EV 95.6 MPH)
|
|
Pitching: RHP Silvio Martinez
|
|
|
Batting: RHB Larry Patterson
|
0-0: Ball 1-0: Ball 2-0: Ball 3-0: Base on Balls
|
|
Pinch Hitting: RHB Tom Lawless
|
0-0: Ball 1-0: Called Strike 1-1: Fly out, F6 (Line Drive, 6, EV 71.9 MPH)
|
|
Pinch Hitting: RHB Larry Parrish
|
0-0: Swinging Strike 0-1: Ball 1-1: DOUBLE (Line Drive, 3D, EV 95.0 MPH) Rusty Kuntz scores Larry Patterson to third Runner from 3rd tries for Home, SAFE, no throw by RF
|
|
Pinch Hitting: RHB Joseph Scherger
|
0-0: Called Strike 0-1: Ball 1-1: Ball 2-1: Ball Wild Pitch! Larry Parrish to third 3-1: Foul Ball, location: 2F 3-2: Foul Ball, location: 2F 3-2: Ground out 3-1 (Groundball, 34, EV 109.4 MPH) Larry Parrish scores
|
|
Batting: RHB Rusty Tillman
|
0-0: Fly out, F7 (Flyball, 7, EV 81.9 MPH)
|
| Top of the 7th over - 3 runs, 2 hits, 0 errors, 0 left on base; Detroit 10 - New York 0 |
| BOTTOM OF THE 7TH |
|
New York Yankees batting - Pitching for Detroit Tigers : RHP Ricardo Posada
|
|
Now at 2B: Tom Lawless
|
|
|
Now at 3B: Larry Parrish
|
|
|
Now in CF: Rusty Kuntz
|
|
|
Now in RF: Joseph Scherger
|
|
|
Pinch Hitting: LHB Carlos Cabassa
|
0-0: Ball 1-0: SINGLE (Flyball, 56D, EV 85.6 MPH)
|
|
Batting: LHB Barry Butera
|
0-0: Swinging Strike 0-1: Foul Ball, location: 2F 0-2: Ball 1-2: Strikes out swinging
|
|
Batting: RHB Emanuel Cortez
|
0-0: Ball Carlos Cabassa steals 2nd base (no throw) 1-0: Ball 2-0: Foul Ball, location: 2F 2-1: Called Strike 2-2: Foul Ball, location: 2F 2-2: Strikes out swinging
|
|
Pinch Hitting: LHB Tony Ramirez
|
0-0: Swinging Strike 0-1: Swinging Strike 0-2: Ball 1-2: Foul Ball, location: 2F 1-2: Ball 2-2: Strikes out swinging
|
| Bottom of the 7th over - 0 runs, 1 hit, 0 errors, 1 left on base; Detroit 10 - New York 0 |
| TOP OF THE 8TH |
|
Detroit Tigers batting - Pitching for New York Yankees : RHP Silvio Martinez
|
|
Now in LF: Larry Hyman
|
|
|
Now in RF: Carlos Cabassa
|
|
|
Batting: LHB Mike Laga
|
0-0: Called Strike 0-1: Foul Ball, location: 2F 0-2: Reached on error, E6 (Groundball, 56, EV 79.4 MPH)
|
|
Batting: RHB Jose Hidalgo
|
0-0: Called Strike 0-1: Fly out, F9 (Flyball, 9LM, EV 101.3 MPH)
|
|
Batting: SHB William Lee
|
0-0: Called Strike 0-1: Ball 1-1: Ball 2-1: Foul Ball, location: 2F 2-2: Grounds into double play, 4-6-3 (Groundball, 4, EV 83.1 MPH)
|
| Top of the 8th over - 0 runs, 0 hits, 1 error, 0 left on base; Detroit 10 - New York 0 |
| BOTTOM OF THE 8TH |
|
New York Yankees batting - Pitching for Detroit Tigers : RHP Ricardo Posada
|
|
Batting: RHB Ezequiel Menjibar
|
0-0: Foul Ball, location: 2F 0-1: Swinging Strike 0-2: Ball 1-2: Foul Ball, location: 2F 1-2: Ground out 6-3 (Groundball, 6, EV 109.4 MPH)
|
|
Batting: LHB Ron Hassey
|
0-0: SINGLE (Groundball, 56D, EV 102.5 MPH)
|
|
Pinch Hitting: SHB Jerry Manuel
|
0-0: Ball 1-0: Foul Ball, location: 2F 1-1: Swinging Strike 1-2: Ball 2-2: Strikes out swinging
|
|
Batting: SHB Willie Wilson
|
0-0: Ball 1-0: Ball 2-0: Ball 3-0: Called Strike 3-1: Called Strike 3-2: SINGLE (Groundball, 25, EV 68.1 MPH) (infield hit) Ron Hassey to second
|
|
Batting: LHB Wade Boggs
|
0-0: Called Strike 0-1: Ground out 6-3 (Groundball, 6S, EV 85.0 MPH)
|
| Bottom of the 8th over - 0 runs, 2 hits, 0 errors, 2 left on base; Detroit 10 - New York 0 |
| TOP OF THE 9TH |
|
Detroit Tigers batting - Pitching for New York Yankees : RHP Silvio Martinez
|
|
Now at 2B: Jerry Manuel
|
|
|
Batting: RHB Rusty Kuntz
|
0-0: Ball 1-0: Ball 2-0: Called Strike 2-1: Ground out 6-3 (Groundball, 6S, EV 65.0 MPH)
|
|
Pinch Hitting: RHB Dennis Delany
|
0-0: Called Strike 0-1: Ball 1-1: Called Strike 1-2: Foul Ball, location: 2F 1-2: Ball 2-2: Ball 3-2: SINGLE (Line Drive, 7S, EV 96.3 MPH)
|
|
Batting: RHB Tom Lawless
|
0-0: Called Strike 0-1: Called Strike 0-2: Ground out 4-3 (Groundball, 4S, EV 68.8 MPH) Dennis Delany to second
|
|
Batting: RHB Larry Parrish
|
0-0: Ball 1-0: 2-RUN HOME RUN (Flyball, 78XD, EV 94.4 MPH), Distance : 442 ft
|
|
Batting: RHB Joseph Scherger
|
0-0: Ball 1-0: Foul Ball, location: 2F 1-1: Ball 2-1: Foul Ball, location: 2F 2-2: Foul Ball, location: 2F 2-2: Foul Ball, location: 2F 2-2: Strikes out swinging
|
| Top of the 9th over - 2 runs, 2 hits, 0 errors, 0 left on base; Detroit 12 - New York 0 |
| BOTTOM OF THE 9TH |
|
New York Yankees batting - Pitching for Detroit Tigers : RHP Ricardo Posada
|
|
Now at C: Dennis Delany
|
|
|
Batting: LHB Carlos Cabassa
|
0-0: Ball 1-0: Called Strike 1-1: Foul Ball, location: 2F 1-2: Foul Ball, location: 2F 1-2: Ball 2-2: Ball 3-2: Strikes out swinging
|
|
Pitching: RHP Preston Hanna
|
|
|
Pinch Hitting: RHB Alex Rodriguez
|
0-0: Foul Ball, location: 2F 0-1: Foul Ball, location: 2F 0-2: Ball 1-2: Ground out 4-3 (Groundball, 4, EV 90.0 MPH)
|
|
Pinch Hitting: SHB Curt Wilkerson
|
0-0: Ball 1-0: Ball 2-0: Foul Ball, location: 2F 2-1: Hit by Pitch
|
|
Batting: SHB Larry Hyman
|
0-0: Ball 1-0: Ball 2-0: Ball 3-0: Called Strike 3-1: Base on Balls Curt Wilkerson to second
|
|
Pinch Hitting: LHB George Kaage
|
0-0: Ball 1-0: Foul Ball, location: 2F 1-1: Ball 2-1: Foul Ball, location: 2F 2-2: Ball 3-2: Foul Ball, location: 2F 3-2: Base on Balls Curt Wilkerson to third Larry Hyman to second
|
|
Pinch Hitting: LHB Denny Porter
|
0-0: Fly out, F7 (Flyball, 7S, EV 80.0 MPH)
|
| Bottom of the 9th over - 0 runs, 0 hits, 0 errors, 3 left on base; Detroit 12 - New York 0 |
|